← All builds
Geo sea / Armada / Economy first / OBSERVED BUILD

Standard geo sea

Standard Geo sea play: bot lab then shipyard in the cove, an early submarine and destroyer to contest the sea, geothermal around 7:40 to fund the later fleet transition.

Usually shipyard in the cove (87%)

#naval #eco · 729 distinct matches · 101 players · 81% of Armada Geo sea games · team won 54% of 778 · Recently observed

HOW TO PLAY IT

Key timing: Shipyard by 3:13

  1. Open 3 mex and wind into Bot Lab.
  2. Put up Shipyard with naval turret and BP for defense.
  3. Send out "submarine" then "destroyer" to contest the sea.
  4. Bring geothermal online to fund the fleet.
  5. Add Advanced Metal Extractor as the economy transitions.

Phase by phase

TYPICAL OF ITS 729 GAMES
  1. 1
  2. 2
  3. 3
  4. 4
PLAY THE OPENING

Follow the example game's first 6:00 step by step: what to build now, what comes next, and where it goes. At 1× it keeps pace with your own game.

  1. 1

    Up to the Bot Lab

    Economy
    • Metal Extractor3Mex
    • Wind Turbine3Wind
    Order
    1. Bot LabBot Lab after 3 mex, 3 winddone ~1:12, middle half 1:06–1:18

    Some games also: wind for allies (44%)

    By 0:55 in all: 3 mex · 3 wind

    The example game in this phase · 4 steps
    1. Mex ×3
    2. Wind ×2for Air
    3. Wind ×2
    4. Bot LabBot Labdone 1:12 · typical 1:12
  2. 2

    Bot Lab to Shipyard

    Economy
    • Metal Extractor1Mex
    • Wind Turbine1Wind
    Order
    1. ShipyardShipyard after 4 mex, 4 winddone ~3:11, middle half 2:50–3:36
    Builders
    • Construction Bot3 Con bot
    • Lazarus2 Lazarus

    Some games also: pawn (44%) · con turret (38%) · crossbow (35%)

    By 2:48 in all: 4 mex · 4 wind

    The example game in this phase · 13 steps
    1. CrossbowCrossbow
    2. Wind ×2
    3. CrossbowCrossbow
    4. Wind ×3
    5. LazarusLazarus
    6. Wind
    7. Construction BotCon bot ×3
    8. LazarusLazarus
    9. PawnPawn
    10. Mex
    11. Con turret
    12. Mex ×2
    13. ShipyardShipyarddone 4:01 · typical 3:11
  3. 3

    Shipyard to 5:00

    Economy
    • Metal Extractor4Mex
    • Wind Turbine1Wind
    Builders
    • Construction Ship1 Con ship
    Army
    • Dolphin3 Dolphin
    • Skater1 Skater
    • Corsair1 Destroyer
    Other
    • Radar Tower1 Radar Tower

    Some games also: Sentry (44%) · submarine (44%) · converter (32%) · con turret (31%) · pawn (31%)

    By 5:00 in all: 8 mex · 7 wind · 1 energy storage · 1 con turret

    The example game in this phase · 22 steps
    1. Mex
    2. Wind
    3. Construction ShipCon ship
    4. Mex
    5. Converter
    6. Radar TowerRadar Tower
    7. Wind
    8. DolphinDolphin
    9. Wind
    10. Mex
    11. Energy storage
    12. DolphinDolphin
    13. Wind
    14. SentrySentry
    15. Wind
    16. Radar TowerRadar Tower
    17. Wind
    18. DolphinDolphin
    19. Mex
    20. Wind
    21. Grim ReaperGrim Reaper
    22. Wind
  4. 4

    5:00 to 10:00

    Economy
    • Metal Extractor2Mex
    • Wind Turbine12Wind
    • Energy Converter2Converter
    Builders
    • Construction Turret1 Con turret
    • Construction Ship1 Con ship
    • Grim Reaper1 Grim Reaper
    Army
    • Sentry1 Sentry
    • Dolphin5 Dolphin
    • Corsair2 Destroyer
    • Skater2 Skater

    Some games also: Radar Tower (49%) · frigate (40%) · geo (40%) · Harpoon (39%) · Naval Construction Turret (33%)

    By 10:00 in all: 11 mex · 19 wind · 1 geo · 4 converter · 1 energy storage · 2 con turret

    The example game in this phase · 113 steps
    1. Converter
    2. SentrySentry
    3. EllysawFrigate
    4. Converter
    5. EllysawFrigate
    6. Wind
    7. CorsairDestroyerdone 5:53 · typical 5:35
    8. Naval Radar / Sonar TowerNaval Radar / Sonar Tower
    9. Wind ×2
    10. SentrySentry
    11. Wind
    12. Construction ShipCon ship
    13. SentrySentry
    14. Wind
    15. Construction ShipCon ship
    16. Wind ×2
    17. Grim ReaperGrim Reaper
    18. Wind
    19. SentrySentry
    20. Grim ReaperGrim Reaper
    21. Geothermal PowerplantGeodone 9:18 · typical 7:45
    22. SkaterSkater
    23. DolphinDolphin ×3
    24. Wind
    25. DolphinDolphin ×4
    26. Wind
    27. Advanced Metal ExtractorT2 mexdone 7:54 · typical 9:17
    28. DolphinDolphin ×3
    29. Naval Construction Turret
    30. Wind
    31. DolphinDolphin ×4
    32. Wind
    33. DolphinDolphin
    34. Advanced Metal ExtractorT2 mex
    35. DolphinDolphin ×4
    36. Wind
    37. CorsairDestroyer
    38. Wind
    39. CorsairDestroyer
    40. Wind
    41. Advanced Metal ExtractorT2 mex
    42. Converter
    43. HarpoonHarpoon
    44. Wind
    45. SkaterSkater
    46. CorsairDestroyer
    47. Wind
    48. Converter
    49. HarpoonHarpoon
    50. Wind
    51. CorsairDestroyer
    52. Naval Construction Turret
    53. Advanced Metal ExtractorT2 mex
    54. Converter
    55. Wind
    56. SkaterSkater
    57. CorsairDestroyer
    58. Wind
    59. Converter
    60. CorsairDestroyer
    61. Wind
    62. Grim ReaperGrim Reaper
    63. Wind
    64. Grim ReaperGrim Reaper ×2
    65. Advanced Metal ExtractorT2 mex
    66. SkaterSkater
    67. Wind
    68. CorsairDestroyer
    69. Naval Construction Turret ×2
    70. Wind
    71. Naval Construction Turret
    72. Naval Metal Storage
    73. CorsairDestroyer
    74. Naval Construction Turret
    75. Wind
    76. Naval Construction Turret ×2
    77. Tidal ×2
    78. SkaterSkater
    79. Tidal
    80. Advanced Metal ExtractorT2 mex
    81. CorsairDestroyer
    82. Tidal
    83. Wind
    84. Tidal
    85. CorsairDestroyer
    86. Tidal ×2
    87. SkaterSkater
    88. Tidal
    89. CorsairDestroyer
    90. Tidal
    91. Wind
    92. Tidal
    93. CorsairDestroyer
    94. Tidal
    95. SkaterSkater
    96. Tidal
    97. CorsairDestroyer
    98. Advanced ShipyardAdvanced Shipyarddone 14:00
    99. Wind
    100. Mex
    101. CorsairDestroyer
    102. Wind
    103. Advanced Construction SubAdvanced Construction Sub
    104. VoyagerVoyager ×2
    105. Wind
    106. VoyagerVoyager
    107. Naval Radar / Sonar TowerNaval Radar / Sonar Tower
    108. Naval Advanced Metal ExtractorNaval Advanced Metal Extractordone 14:48
    109. HavenHaven
    110. Wind
    111. BermudaRadar jammer ship
    112. Naval Advanced Metal ExtractorNaval Advanced Metal Extractor
    113. PaladinCruisernot finished by 15:00

Counts are medians over the build's games: half of them build more, half fewer. The example game is Rexalidus's (36 OS, 08/09/2026); pick another.

Team trades

IN AT LEAST 30% OF ITS GAMES

You hand over

  • Wind Turbine2 Wind to Airfirst at 1:41 · in 62% of games

You get

  • Finch1 Finch from Airfirst at 1:51 · in 74% of games
  • Hercules1 Light transport from Airfirst at 2:05 · in 64% of games
  • Advanced Construction Bot1 T2 con bot from Techfirst at 7:42 · in 89% of games

How it plays out

Typical game of this build, running totals by minute

Metal produced

010k20k30k
0:005:0010:0015:00

metal

Enemy metal destroyed

05k10k
0:005:0010:0015:00

metal

Own metal lost

02.5k5k7.5k
0:005:0010:0015:00

metal

778 games.

Show as table
ByMetal produced: This buildEnemy metal destroyed: This buildOwn metal lost: This build
1:0039500
2:0092800
3:00160300
4:002928051
5:00414717574
6:005554541314
7:0071101004646
8:00877617711041
9:001068025461676
10:001296034962273
11:001570846933181
12:001869457873959
13:002186669234765
14:002559380275669
15:002907491296696
WHAT THE NUMBERS SAY

Standard Armada geo sea nearly matches Cortex's economy numbers but wins slightly more often at 53%.

  • + Metal produced reaches 28785 by 15:00, the highest of the sea builds
  • + Own metal lost of 6895 stays well under enemy metal destroyed's 9048
  • − Geothermal only lands in 58% of games by 7:34
  • − T2 factory completes in only 40% of games by 12:43
THE EXAMPLE YOU ARE READING

Rexalidus

36.1 OS · 08/09/2026

Open source match ↗

3 received units · includes a constructor
1257 metal received · 55814 energy received

Allied construction assistance is unknown. Timings are observations, not a promise of solo reproducibility.

Typical milestones

Bot Lab1:12Middle 50%: 1:06–1:18 · n=746
Shipyard3:11Middle 50%: 2:50–3:36 · n=767
Eel4:22Middle 50%: 3:41–5:34 · n=464
Corsair5:35Middle 50%: 4:50–6:34 · n=719
Geothermal Powerplant7:45Middle 50%: 6:47–9:10 · n=475
Advanced Metal Extractor9:17Middle 50%: 8:36–10:07 · n=680

Played most by

Optimusprimenutt52games of this buildKingBenjai49games of this build_X_48games of this buildhaaven42games of this buildHummell33games of this build